 Dungeon Crawl Stone Soup version 0.26-a0-642-g67e99244d3 (webtiles) character file.

Game seed: 12534862498482433268

146 Gargoyl the Skirmisher (level 5, -3/47 HPs)
             Began as a Gnoll Abyssal Knight on Sept 21, 2020.
             Was a Follower of Lugonu.
             Killed by divine providence
             ... invoked by an orc priest
              (13 damage)
             ... on level 3 of the Dungeon.
             The game lasted 00:02:33 (2340 turns).

Gargoyl the Skirmisher (Gnoll Abyssal Knight)       Turns: 2340, Time: 00:02:34

Health: -3/47      AC: 11    Str: 13    XL:     5   Next: 28%
Magic:  8/8        EV:  6    Int: 14    God:    Lugonu [*.....]
Gold:   154        SH: 11    Dex: 15    Spells: 6/6 levels left

rFire    . . .     SeeInvis .   a - +2 hand axe
rCold    . . .     Faith    .   e - +2 buckler
rNeg     . . .     Spirit   .   h - +0 chain mail
rPois    +         Reflect  +   (no helmet)
rElec    .         Harm     .   (no cloak)
rCorr    .         Rampage  .   (no gloves)
MR       .....                  f - +1 pair of boots
Stlth    ..........             c - amulet of reflection
HPRegen  0.15/turn              (no ring)
MPRegen  0.11/turn              (no ring)

@: no status effects
A: distributed training, fangs 1, mutation resistance 1, poison resistance, weak
1, no potion heal 1, strong nose
a: Depart the Abyss, Renounce Religion


You were on level 3 of the Dungeon.
You worshipped Lugonu.
Lugonu was aware of your devotion.
You visited 1 branch of the dungeon, and saw 3 of its levels.
You visited the Abyss 1 time.

You collected 154 gold pieces.

Inventory:

Hand Weapons
 a - a +2 hand axe (weapon)
Armour
 e - a +2 buckler (worn)
 f - a +1 pair of boots (worn)
 h - a +0 chain mail (worn)
Jewellery
 c - an amulet of reflection (around neck)
Scrolls
 d - 3 scrolls of identify
Potions
 b - a potion of degeneration {unknown}
 g - a potion of cancellation {unknown}
 i - a potion of curing


   Skills:
 + Level 6.7 Fighting
 + Level 1.4 Short Blades
 + Level 1.4 Long Blades
 + Level 4.7 Axes
 + Level 1.4 Maces & Flails
 + Level 1.4 Polearms
 + Level 1.4 Staves
 + Level 1.4 Slings
 + Level 1.4 Bows
 + Level 1.4 Crossbows
 + Level 1.4 Throwing
 + Level 4.7 Armour
 + Level 2.9 Dodging
 + Level 1.4 Stealth
 + Level 1.4 Shields
 + Level 1.4 Unarmed Combat
 + Level 1.4 Spellcasting
 + Level 1.1 Conjurations
 + Level 1.1 Hexes
 + Level 1.1 Summonings
 + Level 1.1 Necromancy
 + Level 1.1 Translocations
 + Level 1.1 Transmutations
 + Level 1.1 Fire Magic
 + Level 1.1 Ice Magic
 + Level 1.1 Air Magic
 + Level 1.1 Earth Magic
 + Level 1.1 Poison Magic
 + Level 4.8 Invocations
 + Level 1.4 Evocations


You had 6 spell levels left.
You didn't know any spells.
Your spell library was empty.

Dungeon Overview and Level Annotations

Branches:
Dungeon (3/15)

Altars:


Innate Abilities, Weirdness & Mutations

Your experience applies equally to all skills.
You have very sharp teeth.
Your uncanny sense of smell can sniff out nearby items.
You are somewhat resistant to further mutation.
Your system is resistant to poisons. (rPois)
You are weak. (Str -2)
Potions are less effective at restoring your health.


Message History

The orc priest invokes the aid of Beogh against you.
Beogh smites you!
The orc priest hits you with a +2 dagger of electrocution.
You are electrocuted!!
* * * LOW HITPOINT WARNING * * *
The orc priest mumbles some strange prayers to Beogh against you.
Pain shoots through your body!
* * * LOW HITPOINT WARNING * * *
Unknown command.
It was a potion of curing.
Your system partially rejects the healing.
You feel better.
The orc priest hits you with a +2 dagger of electrocution.
* * * LOW HITPOINT WARNING * * *
The orc priest casts a cantrip, but nothing happens.
Your system partially rejects the healing.
You feel better. You block the orc priest's attack.
The orc priest invokes the aid of Beogh against you.
Beogh smites you!
You die...

... ....... #..
....... ##..#+#
....... ......
S...... #...#
....... .# #..#
.......
#...##..##.......
...$...o@oS...#
...###)#####.####
#.# #.#..#
###.#####.#..#
#.......#.#..#
#.......#.#.##
#.......#.#.#
####'#####.#.#
#......#.....#####


You could see 2 orc priests and an adder.

Vanquished Creatures
  A hound (D:3)
  An orc wizard (D:3)
  2 adders
  2 oozes (D:2)
  3 worms (D:2)
  2 dart slugs
  A leopard gecko (D:1)
  6 orcs (D:3)
  3 goblins
  6 hobgoblins
  3 kobolds
  A quokka (D:2)
  6 bats
  3 frilled lizards
  5 rats
45 creatures vanquished.

Notes
Turn   | Place    | Note
-------+----------+-------------------------------------------
     0 | Abyss:1  | Gargoyl the Gnoll Abyssal Knight began the quest for the
                  | Orb.
     0 | Abyss:1  | Reached XP level 1. HP: 23/23 MP: 3/3
    45 | Abyss:1  | Noticed a starcursed mass
    47 | D:1      | Escaped the Abyss
   182 | D:1      | Reached * piety under Lugonu
   315 | D:1      | Reached XP level 2. HP: 29/29 MP: 5/5
  1256 | D:2      | Reached XP level 3. HP: 35/35 MP: 6/6
  1262 | D:2      | Gained mutation: Your system is resistant to poisons.
                  | (rPois) [potion of mutation]
  1262 | D:2      | Gained mutation: Potions are less effective at restoring
                  | your health. [potion of mutation]
  1262 | D:2      | Gained mutation: You are weak. (Str -2) [potion of
                  | mutation]
  1262 | D:2      | Gained mutation: You are somewhat resistant to further
                  | mutation. [potion of mutation]
  1814 | D:2      | Reached skill level 1 in Short Blades
  1814 | D:2      | Reached skill level 1 in Long Blades
  1814 | D:2      | Reached skill level 1 in Maces & Flails
  1814 | D:2      | Reached skill level 1 in Polearms
  1814 | D:2      | Reached skill level 1 in Staves
  1814 | D:2      | Reached skill level 1 in Slings
  1814 | D:2      | Reached skill level 1 in Bows
  1814 | D:2      | Reached skill level 1 in Crossbows
  1814 | D:2      | Reached skill level 1 in Throwing
  1814 | D:2      | Reached skill level 1 in Stealth
  1814 | D:2      | Reached skill level 1 in Shields
  1814 | D:2      | Reached skill level 1 in Unarmed Combat
  1814 | D:2      | Reached skill level 1 in Spellcasting
  1814 | D:2      | Reached skill level 1 in Evocations
  1814 | D:2      | Reached XP level 4. HP: 36/41 MP: 7/7
  1988 | D:3      | Reached skill level 1 in Conjurations
  1988 | D:3      | Reached skill level 1 in Hexes
  1988 | D:3      | Reached skill level 1 in Summonings
  1988 | D:3      | Reached skill level 1 in Necromancy
  1988 | D:3      | Reached skill level 1 in Translocations
  1988 | D:3      | Reached skill level 1 in Transmutations
  1988 | D:3      | Reached skill level 1 in Fire Magic
  1988 | D:3      | Reached skill level 1 in Ice Magic
  1988 | D:3      | Reached skill level 1 in Air Magic
  1988 | D:3      | Reached skill level 1 in Earth Magic
  1988 | D:3      | Reached skill level 1 in Poison Magic
  2052 | D:3      | Reached XP level 5. HP: 46/47 MP: 8/8
  2340 | D:3      | Killed from afar by an orc priest

Illustrated notes

Levels and vault maps discovered:
D:1:      dpeg_arrival_snail, layout_basic
D:2:      layout_loops_ring, kennysheep_nub
D:3:      layout_basic, kennysheep_cluttered_room

Skill      XL: |  1  2  3  4 |
---------------+-------------+-----
Short Blades   | 1 |  1.4
Long Blades    | 1 |  1.4
Maces & Flails | 1 |  1.4
Polearms       | 1 |  1.4
Staves         | 1 |  1.4
Slings         | 1 |  1.4
Bows           | 1 |  1.4
Crossbows      | 1 |  1.4
Throwing       | 1 |  1.4
Stealth        | 1 |  1.4
Shields        | 1 |  1.4
Unarmed Combat | 1 |  1.4
Spellcasting   | 1 |  1.4
Evocations     | 1 |  1.4
Conjurations   | 1 |  1.1
Hexes          | 1 |  1.1
Summonings     | 1 |  1.1
Necromancy     | 1 |  1.1
Translocations | 1 |  1.1
Transmutations | 1 |  1.1
Fire Magic     | 1 |  1.1
Ice Magic      | 1 |  1.1
Air Magic      | 1 |  1.1
Earth Magic    | 1 |  1.1
Poison Magic   | 1 |  1.1
Fighting       | |  6.7
Axes           | |  4.7
Armour         | |  4.7
Dodging        | |  2.9
Invocations    | |  4.8

Action                   |  1- 3 |  4- 6 || total
-------------------------+-------+-------++-------
Melee: Hand axe          |   110 |    65 ||   175
       Bite              |    12 |     7 ||    19
Invok: Depart the Abyss  |     1 |       ||     1
  Use: Scroll            |     5 |       ||     5
       Potion            |     1 |     2 ||     3
Armor: Leather armour    |     5 |       ||     5
       Chain mail        |    50 |    27 ||    77
Dodge: Dodged            |    36 |     8 ||    44
Block: Other             |    12 |       ||    12
       Buckler           |    19 |    33 ||    52

Table legend: (Time is in decaauts)
 A = Elapsed time spent in this place.
 B = Non-inter-level travel time spent in this place.
 C = Inter-level travel time spent in this place.
 D = Time resting spent in this place.
 E = Time spent auto-exploring this place.
 F = Levels seen in this place.
 G = Mean time per level.
                   A        B        C        D        E       F      G
               +--------+--------+--------+--------+--------+-----+--------+
         Total |   2354 |   2225 |    129 |    257 |   1476 |   4 |  588.5 |
       Dungeon |   2307 |   2178 |    129 |    257 |   1431 |   3 |  769.0 |
         Abyss |     47 |     47 |      0 |      0 |     45 |   1 |   47.0 |
               +--------+--------+--------+--------+--------+-----+--------+

Top non-repeatable levels by time:
     D:1: 1151 daAuts
     D:2: 750 daAuts
     D:3: 405 daAuts
 Abyss:1: 47 daAuts
